 Dungeon Crawl Stone Soup version 0.19.0-24-gb05acd6 (webtiles) character file.

603 equalderp2856 the Gouger (level 7, -3/31 HPs)
             Began as a Felid Fighter on Nov 22, 2016.
             Slain by an orc warrior
             ... wielding a +0 dire flail
              (20 damage)
             ... on level 6 of the Dungeon.
             The game lasted 00:34:11 (10842 turns).

equalderp2856 the Gouger (Felid Fighter)           Turns: 10842, Time: 00:34:11

Health: -3/31      AC:  2    Str: 13    XL:     7   Next: 18%
Magic:  4/8        EV: 22    Int:  9    God:
Gold:   250        SH:  0    Dex: 17    Spells: 0 memorised, 6 levels left
                                        Lives:  0   Deaths: 2

rFire  . . .     SeeInvis +       - Unarmed
rCold  . . .     Gourm    .     (armour unavailable)
rNeg   . . .     Faith    .     (shield unavailable)
rPois  .         Spirit   .     (helmet unavailable)
rElec  .         Reflect  .     (cloak unavailable)
rCorr  .         Harm     .     (gloves unavailable)
MR     +....                    (boots unavailable)
Stlth  +++.......               (no amulet)
                                (no ring)
                                (no ring)

@: quick
A: no armour, no weapons or thrown items, stealth, claws 1, fangs 3, see
invisible, carnivore 3, speed 1, shaggy fur 2, slow metabolism 1, sharp paws
a: no special abilities


You were on level 6 of the Dungeon.
You were full.

You visited 1 branch of the dungeon, and saw 7 of its levels.

You collected 250 gold pieces.

Inventory:

Hand Weapons
 l - a +0 blowgun
Missiles
 h - 42 poisoned needles
 q - 57 bolts
 t - 21 sling bullets
 u - 161 stones
Jewellery
 r - an uncursed ring of wizardry {unknown}
 y - a cursed ring of loudness {unknown}
 C - an uncursed ring of poison resistance {unknown}
Wands
 v - a wand of polymorph (4/24)
 x - a wand of iceblast (9/15)
 A - a wand of confusion (12/48)
Scrolls
 a - a scroll of magic mapping {unknown}
 e - 3 scrolls of amnesia {unknown}
 i - a scroll of enchant weapon {unknown}
 k - 6 scrolls of identify {unknown}
 n - a scroll of noise {unknown}
 o - a scroll of teleportation {unknown}
 w - a scroll of fear {unknown}
 z - a scroll of blinking {unknown}
 B - a scroll of enchant armour {unknown}
Potions
 c - 2 potions of magic
 f - a potion of mutation {unknown}
 g - 2 potions of haste
 j - a potion of curing
 s - a potion of heal wounds {unknown}
Comestibles
 b - 6 meat rations
 d - 4 beef jerkies
 m - 4 bread rations
 p - a slice of pizza


   Skills:
 + Level 3.7 Fighting
 + Level 7.1 Dodging
 + Level 5.1 Stealth
 + Level 9.1 Unarmed Combat


You had 6 spell levels left.
You didn't know any spells.

Dungeon Overview and Level Annotations

Branches:
Dungeon (7/15)
 Temple: D:4-7

Altars:
Hepliaklqana
Qazlal
Uskayaw
Xom
The Shining One

Annotations:
D:3 Philosophy's ghost, weakling HOFi
D:5 Philosophy's ghost, novice HOFi
D:6 heinrich's ghost, novice HEFE


Innate Abilities, Weirdness & Mutations

You cannot wear armour.
You are incapable of wielding weapons or throwing items.
Your paws allow you to move quietly. (Stealth)
You have sharp claws.
You have razor-sharp teeth.
You have supernaturally acute eyesight. (SInv)
You are carnivorous and can eat meat at any time.
You cover ground quickly.
You are covered in thick fur. (AC +2)
You have a slow metabolism.
Your sharp claws are effective at attacking unaware monsters.


Message History

There is an open door here.
You close the door.
The orc warrior shouts!
You claw the orc warrior!
The orc warrior is moderately wounded.
The orc warrior hits you with a dire flail!
You scratch the orc warrior but do no damage.
The orc warrior is moderately wounded.
The orc warrior closely misses you.
You barely miss the orc warrior. Your bite misses the orc warrior.
The orc warrior is moderately wounded.
You barely miss the orc warrior.
The orc warrior is moderately wounded.
The orc warrior barely misses you.
An orc warrior is nearby!
You scratch the orc warrior but do no damage.
The orc warrior is moderately wounded.
The orc warrior hits you with a dire flail!!
Ouch! That really hurt!
You die...

...##########.##..........#
...'........#.##..........#
...########'#.##.......[..#
...# #.......#.......Y).#
...# #.......#........).#
###### #.......#..........#
.....# ####....#..........#
.....# #....########+###
.....# #.#..o@.......#
.....######.#############
.....'.....># .....########
.....# .....# .....# .....#
...###


You could see an orc warrior.

Vanquished Creatures
  Grinder (D:5)
  A phantom (D:3)
  An eye of draining (D:6)
  2 ogres
  A bullfrog (D:7)
  2 scorpions (D:4)
  A howler monkey (D:5)
  A jelly (D:6)
  A crimson imp (D:6)
  2 hounds
  A centaur skeleton (D:4)
  2 orc priests (D:5)
  An iguana (D:5)
  3 worker ants
  2 hound zombies
  7 gnolls
  8 adders
  4 worms
  4 dart slugs
  4 leopard geckos
  12 orcs
  4 ball pythons
  6 giant cockroaches
  11 goblins
  11 hobgoblins
  11 jackals
  9 kobolds
  A quokka (D:3)
  10 bats
  6 frilled lizards
  A leopard gecko skeleton (D:6)
  A quokka zombie (D:6)
  12 rats
144 creatures vanquished.

Vanquished Creatures (others)
  An orc (D:5)
1 creature vanquished.

Grand Total: 145 creatures vanquished

Notes
Turn   | Place    | Note
-------+----------+-------------------------------------------
     0 | D:1      | equalderp2856 the Felid Fighter began the quest for the Orb.
     0 | D:1      | Reached XP level 1. HP: 10/10 MP: 2/2
    45 | D:1      | Reached XP level 2. HP: 8/14 MP: 3/3
   692 | D:1      | Reached XP level 3. HP: 17/17 MP: 4/4
  1810 | D:2      | Reached skill level 5 in Unarmed Combat
  1810 | D:2      | Reached XP level 4. HP: 16/21 MP: 5/5
  1985 | D:2      | Reached skill level 5 in Dodging
  2125 | D:2      | Reached skill level 1 in Stealth
  2281 | D:2      | Found a shimmering altar of Xom.
  2345 | D:2      | You fall through a shaft!
  2965 | D:3      | Noticed Philosophy's ghost (weakling HOFi)
  3091 | D:3      | Noticed a phantom
  3225 | D:2      | HP: 1/21 [poisoned by an adder]
  4093 | D:3      | Reached XP level 5. HP: 24/24 MP: 6/6
  4912 | D:3      | Found a faded altar of an unknown god.
  6005 | D:3      | Killed a phantom
  6005 | D:3      | Gained mutation: You are covered in thick fur. (AC +2) [Felid growth]
  6005 | D:3      | Reached XP level 6. HP: 18/28 MP: 7/7
  6555 | D:4      | Reached skill level 6 in Unarmed Combat
  6805 | D:4      | Found a stormy altar of Qazlal.
  7911 | D:5      | Entered Level 5 of the Dungeon
  7958 | D:5      | Noticed Grinder
  8025 | D:5      | Reached XP level 7. HP: 24/31 MP: 8/8
  8029 | D:5      | Reached skill level 7 in Unarmed Combat
  8049 | D:5      | Noticed Philosophy's ghost (novice HOFi)
  8549 | D:5      | Paralysed by Grinder for 3 turns
  8799 | D:5      | Killed Grinder
  9138 | D:5      | Reached skill level 8 in Unarmed Combat
  9141 | D:5      | Found a glowing golden altar of the Shining One.
  9145 | D:5      | Found a hide-covered altar of Uskayaw.
  9150 | D:5      | Found a hazy altar of Hepliaklqana.
  9430 | D:6      | Noticed heinrich's ghost (novice HEFE)
  9597 | D:6      | Splashed by a jelly's acid
  9598 | D:6      | Reached XP level 6. HP: 0/28 MP: 7/7
  9635 | D:6      | Reached XP level 7. HP: 31/31 MP: 8/8
  9732 | D:6      | Killed from afar by heinrich's ghost
  9733 | D:6      | Reached XP level 6. HP: -10/28 MP: 7/7
 10125 | D:4      | You fall through a shaft for 2 floors!
 10267 | D:4      | You fall through a shaft for 3 floors!
 10286 | D:7      | Noticed an orc warrior
 10742 | D:7      | Noticed an orc warrior
 10760 | D:6      | Reached skill level 5 in Stealth
 10775 | D:6      | Reached XP level 7. HP: 25/31 MP: 8/8
 10807 | D:6      | Reached skill level 9 in Unarmed Combat
 10842 | D:6      | Slain by an orc warrior

Skill      XL: |  1  2  3  4  5  6  7 |
---------------+----------------------+-----
Unarmed Combat | 5 6 9 |  9.1
Dodging        | 5 7 |  7.1
Stealth        | 2 3 5 |  5.1
Fighting       | |  3.7

Action                   |  1- 3 |  4- 6 |  7- 9 || total
-------------------------+-------+-------+-------++-------
Melee: Unarmed           |    98 |   300 |    93 ||   491
       Bite              |    10 |    30 |    14 ||    54
       Punch             |     2 |     3 |     2 ||     7
  Use: Potion            |       |     2 |     5 ||     7
 Stab: Sleeping          |     2 |     6 |     1 ||     9
       Distracted        |       |     1 |       ||     1
  Eat: Chunk             |     6 |    15 |       ||    21
Armor: Skin              |     5 |    13 |     1 ||    19
Dodge: Dodged            |    85 |   240 |    63 ||   388
